Connexion

Comets vs Marlies

Created - 12 septembre 2023 at 05:43

Goals
1 2 3 T
Comets 1 0 2 3
Marlies 3 2 1 6
Shots
1 2 3 T
Comets 4 9 15 28
Marlies 19 12 15 46

GoalsPenalties
1st period
1. Marlies , Max McCormick 6 (Tyler Lewington 4, Cal O'Reilly 10) at 10:46
2. Marlies , Dylan Blujus 4 (Loui Eriksson 13, Cal O'Reilly 11) at 15:22
3. Comets , Derek Ryan 9 (Oskar Lindblom 16, Markus Niemelainen 9) at 17:01
4. Marlies , Loui Eriksson 6 (Cal O'Reilly 12, Daniel Mannella) at 18:14 (PP)
Michael Raffl (UTI) for Holding (Minor) at 6:32
Kevin Czucman (UTI) for High sticking (Double Minor) at 17:17
2nd period
5. Marlies , Dominik Simon 2 (Mathias Brome 2, Mitchell Heard 3) at 3:11
6. Marlies , Dominik Simon 3 (Tyler Lewington 5, Mathias Brome 3) at 15:55
No Penalty
3rd period
7. Comets , Markus Niemelainen 4 (Chris Terry 11, Oskar Lindblom 17) at 0:35
8. Marlies , Cal O'Reilly 9 (Max McCormick 9) at 6:03
9. Comets , Michael Joly 2 (Dylan Labbe 6, Frederik Gauthier 2) at 9:29
Mitchell Heard (TOR) for Boarding (Minor) at 3:49
Josh Wesley (TOR) for Interference (Minor) at 14:51
Goalie Stats
Connor Ingram (UTI), 40 saves from 46 shots - (0,870), L, 6-3-1, 60:00 minutes
Daniel Mannella (TOR), 25 saves from 28 shots - (0,893), W, 7-7-2, 60:00 minutes
3 StarsOfficial
1 - Cal O'Reilly (TOR)
2 - Max McCormick (TOR)
3 - Loui Eriksson (TOR)
Referees : Kyle Rehman and Dean Morton
Linesman : Thor Nelson and Jean Morin
Game Note
No Game Note
Finance
Level 1 -- Attendance: 2000 (100,00%) -- Ticket Income 30 000 $
Level 2 -- Attendance: 1000 (100,00%) -- Ticket Income 10 000 $
Total Attendance: 3000 (100,00%)
Total Ticket Income: 40 000 $
Other Income: 8 000 $
Total Income: 48 000 $



Team Name Goals Shots Shots Attemp Shots Blocked PIM HIT PP PK FO%
Comets 32855106240 / 2 (0%)157%
Marlies 6467984261 / 3 (33%)043%

Comets
Player Name POS G A P +/- PIM HIT SHT SB MP PP MP PP SHT PK MP PK SHT FO% FOT
Brendan SmithD000-1023121:581:2712:0600% 0
Chase De LeoC/LW000-2002018:291:3200:3100% 1
Chris TerryLW/RW0111023123:182:2601:480100% 2
Cliff PuRW000-201005:220:0000:0000% 0
Dennis YanLW000-200105:510:0000:290100% 1
Derek RyanC1011016024:182:2602:48063% 27
Dylan LabbeD0112000123:222:1302:2400% 0
Frederik GauthierC0111041010:330:1810:00042% 12
Griffin ReinhartD000-3010314:400:1800:2500% 0
Josh ArchibaldRW000-2040017:401:1400:00033% 3
Kevin CzucmanD000-3411014:400:1800:2600% 0
Markus NiemelainenD1122042223:212:1302:2300% 0
Matt BartkowskiD000-1001221:581:2702:0600% 0
Michael JolyRW1011011010:150:0000:0000% 0
Michael RafflLW/RW0001211010:320:1800:00067% 3
Oskar LindblomLW/RW0221022024:182:2602:48064% 11
Santeri VirtanenC000-200005:220:0000:00050% 6
Trevor LewisC/RW000-2004019:061:1411:26055% 22
Marlies
Player Name POS G A P +/- PIM HIT SHT SB MP PP MP PP SHT PK MP PK SHT FO% FOT
Brad Malone C/LW000-3073024:561:5812:48042% 24
Cal O'ReillyC1343043023:222:0701:10053% 34
Calvin De HaanD0001032124:222:2612:1200% 0
Dominik SimonC/LW/RW202-10111024:472:4812:0410% 2
Dylan BlujusD1011002124:222:2612:1200% 0
Ian McCoshenD0000000121:312:2901:4600% 0
Josh WesleyD0001200214:060:0000:0000% 0
Kristian VesalainenLW/RW0000003010:560:0000:2400% 1
Loui ErikssonLW/RW1123007022:122:0710:0000% 1
Mathias Brome LW0222002010:520:0000:00050% 2
Max McCormickC/LW1123038123:222:0701:10150% 2
Mitchell HeardC0112212010:510:0000:00056% 9
Skyler McKenzieLW000000000:000:0000:0000% 0
Tim McGauleyC000000101:250:5010:0000% 0
Tim SchallerC/LW/RW000-3000012:462:4800:2000% 1
Tyler LewingtonD0220041121:312:2901:4600% 0
Victor EjdsellC0000010010:320:0000:00025% 12
Yegor RykovD0001021114:070:0000:0000% 0



Play-by-Play

1st period


0:01 of 1st period - Oskar Lindblom wins face-off versus Brad Malone in neutral zone.
0:39 of 1st period - Shot by Derek Ryan.
0:39 of 1st period - Stopped by Daniel Mannella without a rebound.
0:40 of 1st period - Cal O'Reilly wins face-off versus Trevor Lewis in Marlies zone.
0:40 of 1st period - Cal O'Reilly is hit by Josh Archibald.
1:06 of 1st period - Shot by Loui Eriksson.
1:06 of 1st period - Shot Blocked by Brendan Smith.
1:08 of 1st period - Shot by Loui Eriksson.
1:08 of 1st period - Stopped by Connor Ingram without a rebound.
1:09 of 1st period - Frederik Gauthier wins face-off versus Victor Ejdsell in Comets zone.
2:07 of 1st period - Mitchell Heard is hit by Cliff Pu and loses puck.
2:33 of 1st period - Shot by Cliff Pu.
2:33 of 1st period - Shot Misses the Net.
3:25 of 1st period - Shot by Max McCormick.
3:25 of 1st period - Stopped by Connor Ingram without a rebound.
3:26 of 1st period - Trevor Lewis wins face-off versus Victor Ejdsell in Comets zone.
3:26 of 1st period - Trevor Lewis is hit by Brad Malone .
3:32 of 1st period - Shot by Trevor Lewis.
3:32 of 1st period - Shot Misses the Net.
4:08 of 1st period - Josh Archibald is hit by Max McCormick and loses puck.
4:27 of 1st period - Shot by Cal O'Reilly.
4:27 of 1st period - Deflect By Max McCormick.
4:27 of 1st period - Stopped by Connor Ingram with a rebound.
5:12 of 1st period - Shot by Dominik Simon.
5:12 of 1st period - Shot Misses the Net.
5:56 of 1st period - Josh Wesley is hit by Michael Joly and loses puck.
6:11 of 1st period - Brad Malone is hit by Frederik Gauthier and loses puck.
6:32 of 1st period - Minor Penalty to Michael Raffl for Holding.
6:33 of 1st period - Oskar Lindblom wins face-off versus Cal O'Reilly in Comets zone.
7:33 of 1st period - Dominik Simon is hit by Markus Niemelainen and loses puck.
7:46 of 1st period - Shot by Tim McGauley.
7:46 of 1st period - Stopped by Connor Ingram with a rebound.
8:26 of 1st period - Shot by Dylan Blujus.
8:26 of 1st period - Stopped by Connor Ingram without a rebound.
8:27 of 1st period - Dennis Yan wins face-off versus Brad Malone in Comets zone.
10:33 of 1st period - Ian McCoshen is hit by Josh Archibald and loses puck.
10:46 of 1st period - Shot by Max McCormick.
10:46 of 1st period - Goal by Max McCormick - Comets : 0 - Marlies : 1.
10:47 of 1st period - Derek Ryan wins face-off versus Victor Ejdsell in neutral zone.
10:50 of 1st period - Shot by Chris Terry.
10:50 of 1st period - Stopped by Daniel Mannella without a rebound.
10:51 of 1st period - Derek Ryan wins face-off versus Victor Ejdsell in Marlies zone.
11:16 of 1st period - Shot by Kristian Vesalainen.
11:16 of 1st period - Deflect By Brad Malone .
11:16 of 1st period - Stopped by Connor Ingram without a rebound.
11:17 of 1st period - Frederik Gauthier wins face-off versus Cal O'Reilly in Comets zone.
11:23 of 1st period - Markus Niemelainen is hit by Tyler Lewington and loses puck.
11:41 of 1st period - Icing by Ian McCoshen.
11:42 of 1st period - Derek Ryan wins face-off versus Cal O'Reilly in Marlies zone.
11:42 of 1st period - Derek Ryan is hit by Tyler Lewington.
11:56 of 1st period - Shot by Max McCormick.
11:56 of 1st period - Shot Blocked by Matt Bartkowski.
12:02 of 1st period - Shot by Max McCormick.
12:02 of 1st period - Shot Misses the Net.
12:06 of 1st period - Shot by Cal O'Reilly.
12:06 of 1st period - Shot Blocked by Chris Terry.
12:46 of 1st period - Shot by Dominik Simon.
12:46 of 1st period - Stopped by Connor Ingram without a rebound.
12:47 of 1st period - Mitchell Heard wins face-off versus Michael Raffl in Comets zone.
13:07 of 1st period - Griffin Reinhart is hit by Yegor Rykov and loses puck.
13:17 of 1st period - Icing by Griffin Reinhart.
13:18 of 1st period - Michael Raffl wins face-off versus Loui Eriksson in Comets zone.
13:36 of 1st period - Shot by Max McCormick.
13:36 of 1st period - Deflect By Cal O'Reilly.
13:36 of 1st period - Stopped by Connor Ingram without a rebound.
13:37 of 1st period - Victor Ejdsell wins face-off versus Derek Ryan in Comets zone.
14:38 of 1st period - Shot by Cal O'Reilly.
14:38 of 1st period - Deflect By Max McCormick.
14:38 of 1st period - Stopped by Connor Ingram without a rebound.
14:39 of 1st period - Santeri Virtanen wins face-off versus Cal O'Reilly in Comets zone.
14:39 of 1st period - Santeri Virtanen is hit by Max McCormick.
14:48 of 1st period - Icing by Dylan Blujus.
14:49 of 1st period - Cal O'Reilly wins face-off versus Trevor Lewis in Marlies zone.
14:54 of 1st period - Shot by Loui Eriksson.
14:54 of 1st period - Stopped by Connor Ingram without a rebound.
14:55 of 1st period - Trevor Lewis wins face-off versus Cal O'Reilly in Comets zone.
15:18 of 1st period - Shot by Max McCormick.
15:18 of 1st period - Shot Misses the Net.
15:20 of 1st period - Shot by Cal O'Reilly.
15:20 of 1st period - Deflect By Loui Eriksson.
15:20 of 1st period - Stopped by Connor Ingram with a rebound.
15:22 of 1st period - Shot by Dylan Blujus.
15:22 of 1st period - Goal by Dylan Blujus - Comets : 0 - Marlies : 2.
15:23 of 1st period - Brad Malone wins face-off versus Derek Ryan in neutral zone.
15:28 of 1st period - Shot by Dominik Simon.
15:28 of 1st period - Stopped by Connor Ingram with a rebound.
15:30 of 1st period - Shot by Dominik Simon.
15:30 of 1st period - Shot Misses the Net.
15:50 of 1st period - Shot by Dominik Simon.
15:50 of 1st period - Stopped by Connor Ingram without a rebound.
15:51 of 1st period - Josh Archibald wins face-off versus Cal O'Reilly in Comets zone.
15:56 of 1st period - Shot by Trevor Lewis.
15:56 of 1st period - Stopped by Daniel Mannella without a rebound.
15:57 of 1st period - Cal O'Reilly wins face-off versus Trevor Lewis in Marlies zone.
16:37 of 1st period - Shot by Trevor Lewis.
16:37 of 1st period - Shot Blocked by Max McCormick.
16:58 of 1st period - Derek Ryan is hit by Tyler Lewington and loses puck.
17:01 of 1st period - Shot by Derek Ryan.
17:01 of 1st period - Goal by Derek Ryan - Comets : 1 - Marlies : 2.
17:02 of 1st period - Frederik Gauthier wins face-off versus Brad Malone in neutral zone.
17:02 of 1st period - Kevin Czucman is hit by Brad Malone and loses puck.
17:07 of 1st period - Michael Raffl is hit by Brad Malone and loses puck.
17:17 of 1st period - Double Minor Penalty to Kevin Czucman for High sticking.
17:18 of 1st period - Oskar Lindblom wins face-off versus Brad Malone in Comets zone.
18:14 of 1st period - Shot by Loui Eriksson.
18:14 of 1st period - Goal by Loui Eriksson - Comets : 1 - Marlies : 3.
18:15 of 1st period - Cal O'Reilly wins face-off versus Oskar Lindblom in neutral zone.
18:24 of 1st period - Shot by Max McCormick.
18:24 of 1st period - Deflect By Cal O'Reilly.
18:24 of 1st period - Shot Misses the Net.
18:26 of 1st period - Shot by Calvin De Haan.
18:26 of 1st period - Shot Blocked by Dylan Labbe.
18:28 of 1st period - Shot by Loui Eriksson.
18:28 of 1st period - Shot Misses the Net.
18:30 of 1st period - Shot by Calvin De Haan.
18:30 of 1st period - Stopped by Connor Ingram without a rebound.
18:31 of 1st period - Chris Terry wins face-off versus Cal O'Reilly in Comets zone.
19:09 of 1st period - Shot by Brad Malone .
19:09 of 1st period - Stopped by Connor Ingram with a rebound.
19:11 of 1st period - Shot by Dominik Simon.
19:11 of 1st period - Stopped by Connor Ingram without a rebound.
19:12 of 1st period - Brad Malone wins face-off versus Oskar Lindblom in Comets zone.
19:14 of 1st period - Dominik Simon is hit by Markus Niemelainen and loses puck.
19:52 of 1st period - Icing by Tyler Lewington.
19:53 of 1st period - Oskar Lindblom wins face-off versus Tim Schaller in Marlies zone.
Goals for this period are 1 for Comets vs 3 for Marlies.
Shots for this period are 4 for Comets vs 19 for Marlies.

2nd period


0:01 of 2nd period - Brad Malone wins face-off versus Oskar Lindblom in neutral zone.
0:01 of 2nd period - Brad Malone is hit by Oskar Lindblom.
0:13 of 2nd period - Shot by Dylan Blujus.
0:13 of 2nd period - Shot Blocked by Markus Niemelainen.
0:19 of 2nd period - Shot by Max McCormick.
0:19 of 2nd period - Stopped by Connor Ingram without a rebound.
0:20 of 2nd period - Trevor Lewis wins face-off versus Cal O'Reilly in Comets zone.
0:55 of 2nd period - Shot by Brendan Smith.
0:55 of 2nd period - Stopped by Daniel Mannella without a rebound.
0:56 of 2nd period - Oskar Lindblom wins face-off versus Brad Malone in Marlies zone.
2:15 of 2nd period - Icing by Yegor Rykov.
2:16 of 2nd period - Michael Raffl wins face-off versus Cal O'Reilly in Marlies zone.
2:17 of 2nd period - Shot by Matt Bartkowski.
2:17 of 2nd period - Stopped by Daniel Mannella with a rebound.
2:35 of 2nd period - Shot by Michael Raffl.
2:35 of 2nd period - Shot Misses the Net.
2:37 of 2nd period - Shot by Michael Raffl.
2:37 of 2nd period - Stopped by Daniel Mannella without a rebound.
2:38 of 2nd period - Trevor Lewis wins face-off versus Mitchell Heard in Marlies zone.
2:39 of 2nd period - Shot by Kevin Czucman.
2:39 of 2nd period - Stopped by Daniel Mannella with a rebound.
3:07 of 2nd period - Shot by Mitchell Heard.
3:07 of 2nd period - Stopped by Connor Ingram with a rebound.
3:09 of 2nd period - Shot by Mathias Brome .
3:09 of 2nd period - Shot Misses the Net.
3:11 of 2nd period - Shot by Dominik Simon.
3:11 of 2nd period - Goal by Dominik Simon - Comets : 1 - Marlies : 4.
3:12 of 2nd period - Santeri Virtanen wins face-off versus Victor Ejdsell in neutral zone.
3:36 of 2nd period - Shot by Matt Bartkowski.
3:36 of 2nd period - Shot Misses the Net.
3:38 of 2nd period - Shot by Cliff Pu.
3:38 of 2nd period - Shot Misses the Net.
4:14 of 2nd period - Derek Ryan is hit by Cal O'Reilly and loses puck.
5:37 of 2nd period - Shot by Mitchell Heard.
5:37 of 2nd period - Shot Misses the Net.
6:04 of 2nd period - Shot by Kristian Vesalainen.
6:04 of 2nd period - Shot Misses the Net.
6:43 of 2nd period - Max McCormick is hit by Michael Raffl and loses puck.
6:52 of 2nd period - Brendan Smith is hit by Cal O'Reilly and loses puck.
7:06 of 2nd period - Matt Bartkowski is hit by Calvin De Haan and loses puck.
7:43 of 2nd period - Shot by Dominik Simon.
7:43 of 2nd period - Stopped by Connor Ingram without a rebound.
7:44 of 2nd period - Derek Ryan wins face-off versus Brad Malone in Comets zone.
7:46 of 2nd period - Icing by Griffin Reinhart.
7:47 of 2nd period - Brad Malone wins face-off versus Derek Ryan in Comets zone.
7:48 of 2nd period - Shot by Dominik Simon.
7:48 of 2nd period - Shot Misses the Net.
7:50 of 2nd period - Shot by Tim Schaller.
7:50 of 2nd period - Shot Misses the Net.
7:52 of 2nd period - Shot by Josh Wesley.
7:52 of 2nd period - Shot Blocked by Griffin Reinhart.
7:54 of 2nd period - Shot by Dominik Simon.
7:54 of 2nd period - Stopped by Connor Ingram without a rebound.
7:55 of 2nd period - Mitchell Heard wins face-off versus Derek Ryan in Comets zone.
8:06 of 2nd period - Shot by Chris Terry.
8:06 of 2nd period - Shot Misses the Net.
10:38 of 2nd period - Shot by Derek Ryan.
10:38 of 2nd period - Shot Misses the Net.
10:40 of 2nd period - Shot by Kevin Czucman.
10:40 of 2nd period - Shot Misses the Net.
10:42 of 2nd period - Shot by Derek Ryan.
10:42 of 2nd period - Stopped by Daniel Mannella with a rebound.
10:44 of 2nd period - Shot by Derek Ryan.
10:44 of 2nd period - Shot Blocked by Tyler Lewington.
11:32 of 2nd period - Off-side.
11:33 of 2nd period - Cal O'Reilly wins face-off versus Santeri Virtanen in neutral zone.
11:44 of 2nd period - Shot by Dennis Yan.
11:44 of 2nd period - Stopped by Daniel Mannella without a rebound.
11:45 of 2nd period - Cal O'Reilly wins face-off versus Frederik Gauthier in Marlies zone.
11:45 of 2nd period - Cal O'Reilly is hit by Frederik Gauthier.
12:12 of 2nd period - Shot by Max McCormick.
12:12 of 2nd period - Shot Misses the Net.
12:14 of 2nd period - Shot by Yegor Rykov.
12:14 of 2nd period - Stopped by Connor Ingram without a rebound.
12:15 of 2nd period - Derek Ryan wins face-off versus Mathias Brome in Comets zone.
12:28 of 2nd period - Shot by Mitchell Heard.
12:28 of 2nd period - Deflect By Mathias Brome .
12:28 of 2nd period - Shot Misses the Net.
12:32 of 2nd period - Shot by Mathias Brome .
12:32 of 2nd period - Shot Misses the Net.
12:34 of 2nd period - Shot by Mathias Brome .
12:34 of 2nd period - Stopped by Connor Ingram without a rebound.
12:35 of 2nd period - Victor Ejdsell wins face-off versus Santeri Virtanen in Comets zone.
12:42 of 2nd period - Shot by Kristian Vesalainen.
12:42 of 2nd period - Shot Hit the Post.
12:52 of 2nd period - Shot by Kristian Vesalainen.
12:52 of 2nd period - Stopped by Connor Ingram without a rebound.
12:53 of 2nd period - Derek Ryan wins face-off versus Cal O'Reilly in Comets zone.
13:20 of 2nd period - Shot by Derek Ryan.
13:20 of 2nd period - Stopped by Daniel Mannella without a rebound.
13:21 of 2nd period - Mitchell Heard wins face-off versus Frederik Gauthier in Marlies zone.
13:21 of 2nd period - Dominik Simon is hit by Frederik Gauthier and loses puck.
13:29 of 2nd period - Mathias Brome is hit by Frederik Gauthier and loses puck.
13:43 of 2nd period - Dominik Simon is hit by Markus Niemelainen and loses puck.
14:32 of 2nd period - Calvin De Haan is hit by Brendan Smith and loses puck.
14:46 of 2nd period - Brad Malone is hit by Chris Terry and loses puck.
15:15 of 2nd period - Icing by Kevin Czucman.
15:16 of 2nd period - Trevor Lewis wins face-off versus Cal O'Reilly in Comets zone.
15:39 of 2nd period - Shot by Trevor Lewis.
15:39 of 2nd period - Stopped by Daniel Mannella without a rebound.
15:40 of 2nd period - Mathias Brome wins face-off versus Santeri Virtanen in Marlies zone.
15:49 of 2nd period - Shot by Mathias Brome .
15:49 of 2nd period - Shot Misses the Net.
15:53 of 2nd period - Shot by Tyler Lewington.
15:53 of 2nd period - Shot Misses the Net.
15:55 of 2nd period - Shot by Dominik Simon.
15:55 of 2nd period - Goal by Dominik Simon - Comets : 1 - Marlies : 5.
15:56 of 2nd period - Cal O'Reilly wins face-off versus Derek Ryan in neutral zone.
17:05 of 2nd period - Icing by Ian McCoshen.
17:06 of 2nd period - Mitchell Heard wins face-off versus Frederik Gauthier in Marlies zone.
17:15 of 2nd period - Shot by Tyler Lewington.
17:15 of 2nd period - Stopped by Connor Ingram with a rebound.
17:45 of 2nd period - Shot by Brad Malone .
17:45 of 2nd period - Deflect By Kristian Vesalainen.
17:45 of 2nd period - Stopped by Connor Ingram without a rebound.
17:46 of 2nd period - Cal O'Reilly wins face-off versus Trevor Lewis in Comets zone.
17:50 of 2nd period - Max McCormick is hit by Markus Niemelainen and loses puck.
17:55 of 2nd period - Shot by Max McCormick.
17:55 of 2nd period - Shot Misses the Net.
17:57 of 2nd period - Shot by Calvin De Haan.
17:57 of 2nd period - Stopped by Connor Ingram without a rebound.
17:58 of 2nd period - Derek Ryan wins face-off versus Kristian Vesalainen in Comets zone.
18:33 of 2nd period - Shot by Derek Ryan.
18:33 of 2nd period - Stopped by Daniel Mannella without a rebound.
18:34 of 2nd period - Cal O'Reilly wins face-off versus Trevor Lewis in Marlies zone.
18:38 of 2nd period - Icing by Max McCormick.
18:39 of 2nd period - Cal O'Reilly wins face-off versus Trevor Lewis in Marlies zone.
18:50 of 2nd period - Shot by Chase De Leo.
18:50 of 2nd period - Shot Blocked by Calvin De Haan.
19:08 of 2nd period - Icing by Max McCormick.
19:09 of 2nd period - Derek Ryan wins face-off versus Cal O'Reilly in Marlies zone.
19:27 of 2nd period - Icing by Calvin De Haan.
19:28 of 2nd period - Max McCormick wins face-off versus Frederik Gauthier in Marlies zone.
19:36 of 2nd period - Cal O'Reilly is hit by Griffin Reinhart and loses puck.
19:58 of 2nd period - Tim Schaller is hit by Kevin Czucman and loses puck.
Goals for this period are 0 for Comets vs 2 for Marlies.
Shots for this period are 9 for Comets vs 12 for Marlies.

3rd period


0:01 of 3rd period - Brad Malone wins face-off versus Derek Ryan in neutral zone.
0:03 of 3rd period - Off-side.
0:04 of 3rd period - Brad Malone wins face-off versus Derek Ryan in neutral zone.
0:13 of 3rd period - Shot by Chris Terry.
0:13 of 3rd period - Stopped by Daniel Mannella with a rebound.
0:28 of 3rd period - Derek Ryan is hit by Calvin De Haan and loses puck.
0:31 of 3rd period - Shot by Oskar Lindblom.
0:31 of 3rd period - Shot Misses the Net.
0:33 of 3rd period - Shot by Oskar Lindblom.
0:33 of 3rd period - Deflect By Chris Terry.
0:33 of 3rd period - Shot Misses the Net.
0:35 of 3rd period - Shot by Markus Niemelainen.
0:35 of 3rd period - Goal by Markus Niemelainen - Comets : 2 - Marlies : 5.
0:36 of 3rd period - Trevor Lewis wins face-off versus Cal O'Reilly in neutral zone.
0:36 of 3rd period - Josh Archibald is hit by Cal O'Reilly and loses puck.
0:41 of 3rd period - Shot by Max McCormick.
0:41 of 3rd period - Stopped by Connor Ingram without a rebound.
0:42 of 3rd period - Cal O'Reilly wins face-off versus Josh Archibald in Comets zone.
1:04 of 3rd period - Shot by Josh Archibald.
1:04 of 3rd period - Shot Misses the Net.
1:11 of 3rd period - Icing by Ian McCoshen.
1:12 of 3rd period - Cal O'Reilly wins face-off versus Derek Ryan in Marlies zone.
1:22 of 3rd period - Shot by Cal O'Reilly.
1:22 of 3rd period - Shot Misses the Net.
1:29 of 3rd period - Icing by Dylan Labbe.
1:30 of 3rd period - Derek Ryan wins face-off versus Brad Malone in Comets zone.
1:30 of 3rd period - Derek Ryan is hit by Dominik Simon.
1:40 of 3rd period - Shot by Oskar Lindblom.
1:40 of 3rd period - Stopped by Daniel Mannella with a rebound.
2:20 of 3rd period - Shot by Trevor Lewis.
2:20 of 3rd period - Shot Misses the Net.
2:38 of 3rd period - Shot by Chase De Leo.
2:38 of 3rd period - Stopped by Daniel Mannella with a rebound.
2:40 of 3rd period - Shot by Trevor Lewis.
2:40 of 3rd period - Stopped by Daniel Mannella with a rebound.
2:42 of 3rd period - Shot by Brendan Smith.
2:42 of 3rd period - Stopped by Daniel Mannella without a rebound.
2:43 of 3rd period - Cal O'Reilly wins face-off versus Frederik Gauthier in Marlies zone.
3:44 of 3rd period - Markus Niemelainen is hit by Cal O'Reilly.
3:47 of 3rd period - Icing by Oskar Lindblom.
3:48 of 3rd period - Derek Ryan wins face-off versus Dominik Simon in Comets zone.
3:48 of 3rd period - Oskar Lindblom is hit by Mitchell Heard and loses puck.
3:49 of 3rd period - Minor Penalty to Mitchell Heard for Boarding.
3:50 of 3rd period - Brad Malone wins face-off versus Derek Ryan in Marlies zone.
3:55 of 3rd period - Shot by Dominik Simon.
3:55 of 3rd period - Stopped by Connor Ingram without a rebound.
3:56 of 3rd period - Derek Ryan wins face-off versus Brad Malone in Comets zone.
3:56 of 3rd period - Derek Ryan is hit by Brad Malone .
4:35 of 3rd period - Off-side.
4:36 of 3rd period - Cal O'Reilly wins face-off versus Trevor Lewis in neutral zone.
4:55 of 3rd period - Ian McCoshen is hit by Josh Archibald and loses puck.
5:00 of 3rd period - Shot by Trevor Lewis.
5:00 of 3rd period - Stopped by Daniel Mannella without a rebound.
5:01 of 3rd period - Brad Malone wins face-off versus Oskar Lindblom in Marlies zone.
5:01 of 3rd period - Brad Malone is hit by Derek Ryan.
5:12 of 3rd period - Icing by Dylan Labbe.
5:13 of 3rd period - Brad Malone wins face-off versus Derek Ryan in Comets zone.
5:57 of 3rd period - Shot by Max McCormick.
5:57 of 3rd period - Shot Misses the Net.
5:59 of 3rd period - Shot by Cal O'Reilly.
5:59 of 3rd period - Shot Blocked by Griffin Reinhart.
6:01 of 3rd period - Shot by Max McCormick.
6:01 of 3rd period - Shot Misses the Net.
6:03 of 3rd period - Shot by Cal O'Reilly.
6:03 of 3rd period - Goal by Cal O'Reilly - Comets : 2 - Marlies : 6.
6:04 of 3rd period - Trevor Lewis wins face-off versus Cal O'Reilly in neutral zone.
6:40 of 3rd period - Shot by Chase De Leo.
6:40 of 3rd period - Stopped by Daniel Mannella without a rebound.
6:41 of 3rd period - Frederik Gauthier wins face-off versus Dominik Simon in Marlies zone.
6:55 of 3rd period - Icing by Josh Wesley.
6:56 of 3rd period - Derek Ryan wins face-off versus Mitchell Heard in Marlies zone.
7:23 of 3rd period - Shot by Dominik Simon.
7:23 of 3rd period - Stopped by Connor Ingram without a rebound.
7:24 of 3rd period - Victor Ejdsell wins face-off versus Trevor Lewis in Comets zone.
7:25 of 3rd period - Shot by Brad Malone .
7:25 of 3rd period - Stopped by Connor Ingram without a rebound.
7:26 of 3rd period - Trevor Lewis wins face-off versus Victor Ejdsell in Comets zone.
7:26 of 3rd period - Trevor Lewis is hit by Victor Ejdsell.
7:34 of 3rd period - Icing by Dylan Blujus.
7:35 of 3rd period - Oskar Lindblom wins face-off versus Victor Ejdsell in Marlies zone.
7:36 of 3rd period - Shot by Derek Ryan.
7:36 of 3rd period - Shot Misses the Net.
7:44 of 3rd period - Shot by Kristian Vesalainen.
7:44 of 3rd period - Stopped by Connor Ingram without a rebound.
7:45 of 3rd period - Trevor Lewis wins face-off versus Cal O'Reilly in Comets zone.
8:10 of 3rd period - Shot by Loui Eriksson.
8:10 of 3rd period - Stopped by Connor Ingram with a rebound.
8:12 of 3rd period - Shot by Cal O'Reilly.
8:12 of 3rd period - Stopped by Connor Ingram without a rebound.
8:13 of 3rd period - Oskar Lindblom wins face-off versus Brad Malone in Comets zone.
8:13 of 3rd period - Oskar Lindblom is hit by Brad Malone .
8:26 of 3rd period - Derek Ryan is hit by Tyler Lewington and loses puck.
8:42 of 3rd period - Shot by Chris Terry.
8:42 of 3rd period - Deflect By Derek Ryan.
8:42 of 3rd period - Shot Misses the Net.
8:52 of 3rd period - Tyler Lewington is hit by Chris Terry and loses puck.
9:21 of 3rd period - Frederik Gauthier is hit by Brad Malone and loses puck.
9:29 of 3rd period - Shot by Michael Joly.
9:29 of 3rd period - Goal by Michael Joly - Comets : 3 - Marlies : 6.
9:30 of 3rd period - Cal O'Reilly wins face-off versus Trevor Lewis in neutral zone.
9:46 of 3rd period - Icing by Kevin Czucman.
9:47 of 3rd period - Cal O'Reilly wins face-off versus Josh Archibald in Comets zone.
10:10 of 3rd period - Shot by Trevor Lewis.
10:10 of 3rd period - Shot Misses the Net.
10:40 of 3rd period - Shot by Derek Ryan.
10:40 of 3rd period - Deflect By Oskar Lindblom.
10:40 of 3rd period - Shot Misses the Net.
10:42 of 3rd period - Shot by Oskar Lindblom.
10:42 of 3rd period - Shot Blocked by Josh Wesley.
10:44 of 3rd period - Shot by Derek Ryan.
10:44 of 3rd period - Stopped by Daniel Mannella without a rebound.
10:45 of 3rd period - Santeri Virtanen wins face-off versus Mitchell Heard in Marlies zone.
10:57 of 3rd period - Off-side.
10:58 of 3rd period - Derek Ryan wins face-off versus Victor Ejdsell in neutral zone.
11:49 of 3rd period - Shot by Dominik Simon.
11:49 of 3rd period - Deflect By Mathias Brome .
11:49 of 3rd period - Stopped by Connor Ingram without a rebound.
11:50 of 3rd period - Trevor Lewis wins face-off versus Mitchell Heard in Comets zone.
12:07 of 3rd period - Shot by Mitchell Heard.
12:07 of 3rd period - Stopped by Connor Ingram without a rebound.
12:08 of 3rd period - Frederik Gauthier wins face-off versus Max McCormick in Comets zone.
12:08 of 3rd period - Frederik Gauthier is hit by Max McCormick.
12:20 of 3rd period - Shot by Max McCormick.
12:20 of 3rd period - Shot Blocked by Griffin Reinhart.
12:22 of 3rd period - Shot by Max McCormick.
12:22 of 3rd period - Stopped by Connor Ingram without a rebound.
12:23 of 3rd period - Brad Malone wins face-off versus Trevor Lewis in Comets zone.
12:26 of 3rd period - Shot by Ian McCoshen.
12:26 of 3rd period - Shot Blocked by Matt Bartkowski.
12:28 of 3rd period - Shot by Brad Malone .
12:28 of 3rd period - Deflect By Dominik Simon.
12:28 of 3rd period - Stopped by Connor Ingram without a rebound.
12:29 of 3rd period - Derek Ryan wins face-off versus Brad Malone in Comets zone.
13:03 of 3rd period - Shot by Dominik Simon.
13:03 of 3rd period - Shot Misses the Net.
13:37 of 3rd period - Cal O'Reilly is hit by Brendan Smith and loses puck.
14:43 of 3rd period - Griffin Reinhart is hit by Yegor Rykov and loses puck.
14:51 of 3rd period - Minor Penalty to Josh Wesley for Interference.
14:52 of 3rd period - Chris Terry wins face-off versus Brad Malone in Marlies zone.
14:53 of 3rd period - Shot by Derek Ryan.
14:53 of 3rd period - Shot Misses the Net.
15:21 of 3rd period - Shot by Brendan Smith.
15:21 of 3rd period - Stopped by Daniel Mannella with a rebound.
15:48 of 3rd period - Shot by Max McCormick.
15:48 of 3rd period - Stopped by Connor Ingram without a rebound.
15:49 of 3rd period - Trevor Lewis wins face-off versus Brad Malone in Comets zone.
16:15 of 3rd period - Ian McCoshen is hit by Josh Archibald and loses puck.
16:48 of 3rd period - Shot by Kevin Czucman.
16:48 of 3rd period - Shot Misses the Net.
16:50 of 3rd period - Shot by Frederik Gauthier.
16:50 of 3rd period - Stopped by Daniel Mannella with a rebound.
16:52 of 3rd period - Shot by Griffin Reinhart.
16:52 of 3rd period - Shot Blocked by Yegor Rykov.
16:58 of 3rd period - Shot by Santeri Virtanen.
16:58 of 3rd period - Deflect By Dennis Yan.
16:58 of 3rd period - Shot Blocked by Josh Wesley.
17:25 of 3rd period - Off-side.
17:26 of 3rd period - Cal O'Reilly wins face-off versus Frederik Gauthier in neutral zone.
17:41 of 3rd period - Shot by Loui Eriksson.
17:41 of 3rd period - Stopped by Connor Ingram without a rebound.
17:42 of 3rd period - Derek Ryan wins face-off versus Brad Malone in Comets zone.
17:42 of 3rd period - Derek Ryan is hit by Brad Malone .
17:48 of 3rd period - Tim Schaller is hit by Oskar Lindblom and loses puck.
17:55 of 3rd period - Shot by Derek Ryan.
17:55 of 3rd period - Shot Blocked by Dylan Blujus.
18:19 of 3rd period - Chris Terry is hit by Calvin De Haan and loses puck.
18:32 of 3rd period - Shot by Markus Niemelainen.
18:32 of 3rd period - Stopped by Daniel Mannella without a rebound.
18:33 of 3rd period - Cal O'Reilly wins face-off versus Chase De Leo in Marlies zone.
18:46 of 3rd period - Shot by Cal O'Reilly.
18:46 of 3rd period - Shot Blocked by Markus Niemelainen.
18:48 of 3rd period - Shot by Max McCormick.
18:48 of 3rd period - Deflect By Loui Eriksson.
18:48 of 3rd period - Stopped by Connor Ingram with a rebound.
18:58 of 3rd period - Shot by Max McCormick.
18:58 of 3rd period - Shot Misses the Net.
19:05 of 3rd period - Off-side.
19:06 of 3rd period - Mitchell Heard wins face-off versus Frederik Gauthier in neutral zone.
19:24 of 3rd period - Off-side.
19:25 of 3rd period - Derek Ryan wins face-off versus Victor Ejdsell in neutral zone.
19:32 of 3rd period - Shot by Oskar Lindblom.
19:32 of 3rd period - Stopped by Daniel Mannella without a rebound.
19:33 of 3rd period - Derek Ryan wins face-off versus Cal O'Reilly in Marlies zone.
19:38 of 3rd period - Shot by Derek Ryan.
19:38 of 3rd period - Shot Blocked by Ian McCoshen.
19:44 of 3rd period - Shot by Chris Terry.
19:44 of 3rd period - Stopped by Daniel Mannella without a rebound.
19:45 of 3rd period - Trevor Lewis wins face-off versus Brad Malone in Marlies zone.
19:58 of 3rd period - Shot by Chase De Leo.
19:58 of 3rd period - Shot Misses the Net.
Goals for this period are 2 for Comets vs 1 for Marlies.
Shots for this period are 15 for Comets vs 15 for Marlies.